AoeStats
← Lieut.Wan

Black Forest

508800142Analyzed
4v4 RM · 7d ago on Sep 24, 2026· 70m 18s· 8 players
Game mode
Random Map
Map size
Large (8 player)
Population
200
Speed
Normal
Resources
Standard
Victory
Conquest
Starting age
Dark Age
Ending age
Imperial Age
RankedLock teamsTeams togetherTeam positionsShared explorationLock speedFull tech treeHidden civsTurbo modeCheats
Victory
Defeat
🇲🇽 Portuguese · Mexico
647
+16
🇨🇳 Celts · China
644
+16
🇨🇦 Slavs · Canada
607
+17
🇨🇦 Chinese · Canada
575
+18
🇨🇴 Saxons · Colombia
648
-17
🇺🇸 Danes · United States
643
-17
🇨🇱 Turks · Chile
635
-17
🇨🇱 Vikings · Chile
617
-16
FARTKNOXX
12:49 Feudal Age
13:35 Loom
14:47 Horse Collar
15:21 Double-Bit Axe
20:06 Castle Age
19:52 Wheelbarrow
20:57 Bow Saw
20:56 Heavy Plow
22:06 Scale Mail Armor
22:17 Forging
25:10 Stone Mining
25:10 Gold Mining
26:36 Hand Cart
27:00 Gambesons
26:36 Man-at-Arms
30:19 Iron Casting
30:37 Long Swordsman
33:03 Pikeman
33:46 Squires
33:32 Arson
38:51 Imperial Age
36:07 Town Watch
39:19 Elite Jomsviking
40:06 Capped Ram
41:41 Caravan
42:26 Gold Shaft Mining
42:27 Stone Shaft Mining
42:25 Hamask
44:49 Town Patrol
46:07 Onager
47:36 Chain Mail Armor
48:21 Blast Furnace
47:22 Murder Holes
47:48 Siege Ram
48:07 Northmen's Fury
49:08 Two-Handed Swordsman
49:09 Halberdier
52:27 Champion
56:57 Hoardings
56:41 Heavy Scorpion
58:34 Plate Mail Armor
59:49 Elite Varangian Guard
59:57 Elite Varangian Guard
62:48 Hoardings
62:55 Siege Onager
65:53 Ballistics
66:33 Chemistry
65:41 Siege Engineers
65:46 Masonry
65:29 Guard Tower
Lamb Of God
13:35 Feudal Age
29:30 Castle Age
27:47 Horse Collar
27:56 Double-Bit Axe
28:04 Gold Mining
32:16 Bow Saw
36:56 Imperial Age
35:09 Heavy Plow
36:14 Caravan
39:41 Two-Man Saw
40:47 Heavy Scorpion
43:13 Fortified Wall
43:24 Ballistics
45:32 Artillery
REYJAGUAR4660
1:51 Loom
11:28 Feudal Age
11:57 Horse Collar
12:18 Man-at-Arms
12:51 Double-Bit Axe
13:47 Town Watch
15:11 Gold Mining
16:37 Fletching
16:58 Forging
17:03 Stone Mining
18:21 Scale Mail Armor
20:02 Wheelbarrow
19:47 Scale Barding Armor
22:45 Padded Archer Armor
27:02 Castle Age
25:27 Arson
28:31 Gold Shaft Mining
27:46 Gambesons
28:15 Heavy Plow
29:30 Coinage
29:19 Chain Mail Armor
31:32 Sanctity
32:00 Treadmill Crane
32:53 Guard Tower
33:46 Bodkin Arrow
34:35 Squires
35:31 Herbal Medicine
35:57 Caravan
35:53 Pikeman
36:40 Murder Holes
37:08 Bow Saw
37:57 Iron Casting
38:00 Hand Cart
38:40 Chain Barding Armor
39:06 Heated Shot
39:49 Thumb Ring
39:24 Light Cavalry
40:05 Husbandry
43:52 Imperial Age
42:09 Devotion
42:57 Ballistics
42:49 Masonry
43:24 Leather Archer Armor
42:41 Long Swordsman
43:19 Fishing Lines
43:22 Clerical Recruitment
43:51 Elite Skirmisher
43:52 Crossbowman
44:56 Conscription
45:15 Hoardings
45:06 Onager
46:34 Ring Archer Armor
45:49 Cranequins
46:18 Capped Ram
47:30 Town Patrol
46:53 Two-Handed Swordsman
48:22 Plate Mail Armor
48:57 Banking
48:24 Shield Wall
49:19 Fortified Wall
49:35 Heavy Mounted Crossbowman
51:36 Chemistry
52:45 Bloodlines
52:59 Elite Hearth Troop
54:09 Siege Ram
54:56 Sappers
55:36 Siege Engineers
56:02 Architecture
56:20 Block Printing
56:30 Illumination
57:02 Elite Varangian Guard
57:51 Arrowslits
58:42 Keep
61:01 Cavalier
61:37 Champion
66:57 Bracer
67:48 Guilds
black._manba
11:56 Feudal Age
13:21 Double-Bit Axe
14:17 Fishing Lines
21:33 Forging
21:23 Scale Mail Armor
21:15 Fletching
21:30 Padded Archer Armor
22:11 Gold Mining
22:06 Horse Collar
24:31 Castle Age
25:14 Squires
25:02 Arson
25:22 Heavy Plow
25:36 Bow Saw
28:09 Gold Shaft Mining
37:09 Imperial Age
35:22 Iron Casting
35:03 Chain Mail Armor
36:03 Stone Mining
36:08 Gillnets
39:48 Two-Man Saw
40:08 Crop Rotation
40:35 Capped Ram
40:54 Elite Varangian Guard
42:11 Siege Ram
44:15 Conscription
48:15 Elite Berserk
64:23 Blast Furnace
63:54 Plate Mail Armor
alejandrorebolledo
0:30 Loom
15:48 Feudal Age
21:25 Castle Age
26:23 Double-Bit Axe
26:19 Horse Collar
28:00 Caravan
30:12 Pikeman
36:53 Stone Mining
36:56 Gold Mining
37:17 Bow Saw
41:33 Forging
41:23 Scale Mail Armor
41:41 Heavy Plow
42:28 Guard Tower
45:27 Imperial Age
48:31 Chemistry
50:35 Wheelbarrow
51:03 Conscription
50:06 Halberdier
53:41 Chain Mail Armor
54:01 Iron Casting
55:11 Stone Shaft Mining
54:55 Arquebus
56:18 Two-Man Saw
57:43 Blast Furnace
57:13 Plate Mail Armor
58:41 Hand Cart
60:44 Elite Organ Gun
63:31 Town Watch
Lieut.Wan
0:50 Loom
13:29 Feudal Age
14:15 Horse Collar
21:18 Castle Age
19:19 Double-Bit Axe
19:26 Gold Mining
19:28 Stone Mining
26:24 Bow Saw
26:21 Heavy Plow
26:59 Stone Shaft Mining
27:09 Wheelbarrow
30:05 Imperial Age
30:56 Hand Cart
32:10 Conscription
31:44 Fletching
32:07 Murder Holes
33:15 Chemistry
33:46 Scale Mail Armor
33:57 Forging
33:37 Arson
35:32 Ballistics
35:58 Chain Mail Armor
36:19 Iron Casting
36:51 Gold Shaft Mining
38:35 Elite Woad Raider
39:51 Caravan
40:35 Heavy Scorpion
42:27 Arson
42:31 Gambesons
43:09 Furor Celtica
43:40 Siege Engineers
43:46 Masonry
45:02 Hoardings
44:27 Stronghold
44:37 Bodkin Arrow
45:12 Plate Mail Armor
45:43 Blast Furnace
44:50 Scale Barding Armor
44:41 Town Watch
45:34 Onager
47:18 Fortified Wall
49:02 Siege Onager
54:47 Husbandry
54:08 Cavalier
57:07 Chain Barding Armor
56:40 Paladin
59:43 Town Patrol
59:46 Padded Archer Armor
Cigarette Lobster
0:58 Loom
16:39 Feudal Age
17:11 Double-Bit Axe
23:41 Castle Age
24:37 Bow Saw
25:50 Caravan
28:30 Fervor
30:46 Gold Mining
32:02 Fortified Wall
33:27 Wheelbarrow
37:33 Gold Shaft Mining
36:41 Horse Collar
36:52 Stone Mining
37:21 Hand Cart
36:58 Town Watch
37:10 Fletching
37:20 Padded Archer Armor
37:31 Forging
37:21 Scale Mail Armor
37:33 Great Wall
38:14 Bodkin Arrow
38:37 Masonry
38:27 Murder Holes
38:53 Squires
39:54 Stone Shaft Mining
40:50 Arson
41:44 Iron Casting
41:25 Chain Mail Armor
41:05 Bodkin Arrow
41:26 Leather Archer Armor
41:36 Ballistics
45:32 Imperial Age
47:21 Two-Man Saw
46:50 Conscription
46:06 Elite Chu Ko Nu
47:16 Bracer
47:46 Ring Archer Armor
48:17 Blast Furnace
48:05 Architecture
48:57 Chemistry
48:40 Elite Fire Lancer
50:57 Plate Mail Armor
52:54 Heavy Plow
53:16 Town Patrol
58:46 Bombard Tower
62:56 Coinage
64:00 Banking
Ironic
1:46 Loom
13:43 Feudal Age
16:06 Double-Bit Axe
16:59 Wheelbarrow
21:30 Castle Age
19:55 Horse Collar
20:47 Man-at-Arms
25:36 Forging
25:32 Scale Mail Armor
26:18 Heavy Plow
28:15 Hand Cart
28:19 Bow Saw
28:25 Caravan
31:04 Detinets
31:47 Scale Barding Armor
32:28 Masonry
32:14 Town Watch
34:51 Chain Barding Armor
35:09 Iron Casting
40:06 Ballistics
39:57 Fortified Wall
40:44 Chain Mail Armor
43:18 Imperial Age
41:05 Town Patrol
42:41 Pikeman
43:22 Squires
42:42 Long Swordsman
43:28 Gold Mining
43:30 Stone Mining
45:55 Chemistry
44:23 Halberdier
44:24 Two-Handed Swordsman
46:12 Blast Furnace
45:42 Plate Mail Armor
45:48 Plate Barding Armor
45:04 Fletching
45:38 Conscription
47:20 Elite Boyar
48:24 Druzhina
51:24 Bodkin Arrow
56:15 Two-Man Saw
55:49 Crop Rotation
Connection lost

Rejoining the realm…

Still unreachable

The connection could not be restored.

Session expired

The server has moved on; the page needs a fresh start.